AoeStats
← semper_deep

Arabia

504832424Analyzed
1v1 RM · 27d ago on Sep 6, 2026· 60m 59s· 2 players
Game mode
Random Map
Map size
Tiny (2 player)
Population
200
Speed
Normal
Resources
Standard
Victory
Conquest
Starting age
Dark Age
Ending age
Imperial Age
RankedLock teamsTeams togetherTeam positionsShared explorationLock speedFull tech treeHidden civsTurbo modeCheats
Victory
Defeat
🇪🇸 Franks · Spain
748
+16
🇺🇸 Wu · United States
757
-16
Adc88
8:05 Loom
10:03 Feudal Age
10:47 Double-Bit Axe
13:31 Forging
19:32 Scale Barding Armor
22:46 Castle Age
24:15 Bow Saw
25:25 Iron Casting
27:19 Chain Barding Armor
27:58 Wheelbarrow
33:44 Husbandry
38:18 Hand Cart
39:00 Scale Mail Armor
43:18 Imperial Age
44:21 Cavalier
46:09 Elite Throwing Axeman
49:00 Paladin
53:18 Blast Furnace
52:53 Plate Barding Armor
55:29 Chemistry
54:25 Murder Holes
semper_deep
9:32 Feudal Age
10:23 Double-Bit Axe
10:00 Man-at-Arms
11:45 Loom
14:11 Forging
14:56 Scale Mail Armor
17:54 Fletching
24:41 Castle Age
23:10 Horse Collar
25:00 Pikeman
25:44 Squires
26:03 Chain Mail Armor
26:24 Iron Casting
26:03 Bow Saw
27:28 Wheelbarrow
26:48 Arson
30:21 Bodkin Arrow
33:31 Hand Cart
36:49 Red Cliffs Tactics
41:23 Imperial Age
38:40 Long Swordsman
40:28 Town Watch
41:04 Gold Mining
41:05 Stone Mining
41:11 Stone Mining
43:16 Plate Mail Armor
43:49 Bracer
44:52 Blast Furnace
46:02 Two-Handed Swordsman
48:13 Bracer
49:38 Champion
54:23 Halberdier
Connection lost

Rejoining the realm…

Still unreachable

The connection could not be restored.

Session expired

The server has moved on; the page needs a fresh start.